 Dungeon Crawl Stone Soup version 0.23.2-30-g0e89c35649 (webtiles) character file.

Game seed: 7889895813825378960

272 sankara the Shield-Bearer (level 6, 0/41 HPs)
             Began as a Halfling Fighter on June 21, 2019.
             Was a Follower of Uskayaw.
             Slain by an iguana (9 damage)
             ... on level 3 of the Dungeon.
             The game lasted 00:09:55 (2758 turns).

sankara the Shield-Bearer (Halfling Fighter)        Turns: 2758, Time: 00:09:55

Health: 0/41       AC: 11    Str: 18    XL:     6   Next: 48%
Magic:  2/6        EV:  9    Int:  6    God:    Uskayaw [*.....]
Gold:   156        SH: 10    Dex: 18    Spells: 5/5 levels left

rFire    . . .     SeeInvis .   a - +0 long sword
rCold    + . .     Gourm    .   m - +0 shield {rC+}
rNeg     . . .     Faith    .   t - +0 scale mail
rPois    .         Spirit   .   (no helmet)
rElec    .         Reflect  .   (no cloak)
rCorr    .         Harm     .   q - +2 pair of gloves {archery}
MR       .....                  n - +0 pair of boots (curse)
Stlth    +.........             (no amulet)
HPRegen  0.13/turn              c - +3 ring of dexterity
MPRegen  0.10/turn              (no ring)

@: no status effects
A: small, mutation resistance 1
a: Stomp, Renounce Religion


You were on level 3 of the Dungeon.
You worshipped Uskayaw.
Uskayaw was noncommittal.
You were hungry.

You visited 1 branch of the dungeon, and saw 4 of its levels.

You collected 156 gold pieces.

Inventory:

Hand Weapons
 a - a +0 long sword (weapon)
 b - a +3 dagger
   (You took it off Ijyb on level 3 of the Dungeon)
 i - a +0 hunting sling
   (You found it on level 2 of the Dungeon)
 A - a +0 blowgun
   (You took it off a kobold on level 3 of the Dungeon)
Missiles
 g - 118 stones (quivered)
 j - 17 sling bullets
 B - 4 poisoned needles
Armour
 m - a +0 shield of cold resistance (worn)
   (You found it on level 1 of the Dungeon)
 n - a cursed +0 pair of boots (worn)
   (You found it on level 2 of the Dungeon)
 q - a +2 pair of gloves of archery (worn)
   (You found it on level 2 of the Dungeon)
 t - a +0 scale mail (worn)
Jewellery
 c - a +3 ring of dexterity (left hand)
   (You found it on level 2 of the Dungeon)
Wands
 y - a wand of clouds (5)
   (You took it off Ijyb on level 3 of the Dungeon)
Scrolls
 k - a scroll of enchant armour {unknown}
 l - 5 scrolls of identify {unknown}
 o - 4 scrolls of fog {unknown}
 p - a scroll of fear {unknown}
 s - a scroll of random uselessness {unknown}
 w - 3 scrolls of remove curse {unknown}
Potions
 d - a potion of might
 e - 2 potions of lignification {unknown}
 h - 2 potions of curing {unknown}
 r - a potion of degeneration {unknown}
 u - a potion of heal wounds {unknown}
 x - a potion of haste {unknown}
 z - a potion of flight {unknown}
Comestibles
 f - 4 rations
 v - 2 chunks of flesh {@w0}


   Skills:
 - Level 2.6 Fighting
 * Level 4.4 Long Blades
 + Level 4.4 Armour
 + Level 1.5 Stealth
 + Level 4.5 Shields
 + Level 1.2 Invocations


You had 5 spell levels left.
You didn't know any spells.
Your spell library was empty.

Dungeon Overview and Level Annotations

Branches:
Dungeon (4/15)
 Temple: D:4-7

Altars:
Gozag
Nemelex Xobeh
Okawaru
Uskayaw
Xom


Innate Abilities, Weirdness & Mutations

You are small and have problems with some larger weapons.
You are somewhat resistant to further mutation.


Message History

a +0 mace; a +0 ring mail You hit the gnoll.
The gnoll is moderately wounded.
You block the quokka's attack. The gnoll hits you with a +0 spear.
The gnoll hits you but does no damage. The gnoll hits you with a +0 spear.
You barely miss the gnoll.
The gnoll is moderately wounded.
The quokka barely misses you.
You riposte.
You slash the quokka!
You kill the quokka!
You block the gnoll's attack.
The gnoll hits you from afar with a +0 spear.
The gnoll completely misses you.
You hit the gnoll.
The gnoll is severely wounded.
The gnoll hits you but does no damage. x3
The quokka bites you but does no damage.
You can now pass through a line of other dancers.
You are feeling hungry.
You hit the gnoll.
You kill the gnoll!
The gnoll hits you with a +0 spear.
The gnoll hits you from afar with a +0 spear.
The quokka closely misses you. The gnoll hits you but does no damage.
You block the gnoll's attack.
The quokka bites you but does no damage.
You are too injured to fight recklessly!
You are too injured to fight recklessly!
Okay, then.
You hit the gnoll.
The gnoll is moderately wounded.
An iguana comes into view.
The quokka bites you but does no damage.
You block the gnoll's attack. The orc closely misses you.
The gnoll hits you but does no damage.
The iguana hisses angrily.
You slash the gnoll!
The gnoll is severely wounded.
The quokka closely misses you.
You riposte.
You slash the quokka!
You kill the quokka!
The gnoll hits you but does no damage.
The gnoll hits you from afar with a +0 spear!
The orc hits you but does no damage.
Uskayaw will force your foes to helplessly watch your dance.
Uskayaw prepares the audience for your solo!
b - a +3 dagger (weapon)
The gnoll is no longer paralysed. x2; The iguana is no longer paralysed.
The orc is no longer paralysed. x2; You block the gnoll's attack.
The gnoll barely misses you.
You completely miss the gnoll.
The gnoll is severely wounded.
The orc is no longer paralysed.
The orc barely misses you. The gnoll hits you with a +0 spear.
You block the gnoll's attack.
a - a +0 long sword (weapon)
You hit the gnoll.
The gnoll is almost dead.
You block the gnoll's attack. The gnoll hits you but does no damage.
You block the orc's attack. The orc hits you with a +0 whip.
You closely miss the gnoll.
The gnoll is almost dead.
The gnoll barely misses you. You block the gnoll's attack.
You block the orc's attack. The orc hits you but does no damage.
The gnoll hits you but does no damage. x2
You slash the gnoll!
You kill the gnoll!
You block the orc's attack. The orc hits you but does no damage.
You block the gnoll's attack. The orc hits you with a +0 hand axe.
You stomp with the beat, sending a shockwave through the revelers around you!
The orc is almost dead.
The orc is moderately wounded.
You kill the orc!
You feel somewhat more hungry. The gnoll barely misses you.
The orc hits you with a +1 flail of holy wrath.
* * * LOW HITPOINT WARNING * * *
You block the orc's attack.
You stomp with the beat, sending a shockwave through the revelers around you!
You kill the orc! x2
The iguana is moderately wounded.
You feel somewhat more hungry.
The iguana bites you but does no damage.
The gnoll barely misses you.
You hit the iguana but do no damage.
The iguana is moderately wounded.
The iguana bites you.
* * * LOW HITPOINT WARNING * * *
You block the gnoll's attack. You block the iguana's attack.
You can no longer pass through a line of other dancers.
There is a stone staircase leading up here.
The iguana bites you but does no damage.
You climb upwards.
There is a stone staircase leading down here.
You hit the iguana but do no damage.
The iguana is moderately wounded.
The iguana closely misses you.
You barely miss the iguana.
The iguana is moderately wounded.
You block the iguana's attack. The iguana closely misses you.
You hit the iguana.
The iguana is heavily wounded.
The iguana bites you!
You die...

# # ######### #
########### #.......#
# #..(......#
#.#####.# #
#.#######.# #.# #.# #
####.# #.# #.# #.#
###..#.#######.###.#
#.#
...............l@#.#
#.#
.##.##.#.#.###.#.#.#
#.#
.##......#.....#.#.#
#.#
.............###.#.###
#.#
.###<#...........#...#
#.# .#
#.########.##.#.###
#.# .# #.# #.......#
#.# ###### ## #.#
#..##.### #.# #<....
#.# #...#.# #.# ######


You could see an iguana.

Vanquished Creatures
  A centaur skeleton (D:3)
  Ijyb (D:3)
  A worker ant (D:4)
  2 gnolls (D:4)
  9 adders
  An ooze (D:2)
  2 worms (D:3)
  A dart slug (D:2)
  A leopard gecko (D:1)
  4 orcs (D:4)
  10 bats
  3 giant cockroaches
  5 goblins
  14 hobgoblins
  8 jackals
  3 quokkas
  5 frilled lizards
  6 kobolds
  6 rats
83 creatures vanquished.

Notes
Turn   | Place    | Note
-------+----------+-------------------------------------------
     0 | D:1      | sankara the Halfling Fighter began the quest for the Orb.
     0 | D:1      | Reached XP level 1. HP: 15/15 MP: 1/1
    53 | D:1      | Reached XP level 2. HP: 8/20 MP: 2/2
   486 | D:1      | Reached XP level 3. HP: 19/25 MP: 3/3
   707 | D:1      | Found a shimmering altar of Xom.
   720 | D:1      | Found a stormy altar of Qazlal.
   720 | D:1      | Found a shadowy altar of Dithmenos.
   724 | D:1      | Found a shimmering altar of Xom.
   724 | D:1      | Found a snail-covered altar of Cheibriados.
   724 | D:1      | Found a white marble altar of Elyvilon.
  1047 | D:2      | Reached skill level 3 in Long Blades
  1059 | D:2      | Reached XP level 4. HP: 29/30 MP: 4/4
  1290 | D:2      | Reached skill level 4 in Armour
  1290 | D:2      | Reached skill level 4 in Shields
  1325 | D:2      | Found a hide-covered altar of Uskayaw.
  1328 | D:2      | Noticed a +0 hand axe
  1328 | D:2      | Noticed a +0 hand axe
  1335 | D:2      | Became a worshipper of Uskayaw the Reveler
  1391 | D:2      | Found an iron altar of Okawaru.
  1393 | D:2      | Reached * piety under Uskayaw
  1521 | D:2      | Found a sparkling altar of Nemelex Xobeh.
  1630 | D:2      | Reached XP level 5. HP: 35/35 MP: 5/5
  1896 | D:3      | Reached ** piety under Uskayaw
  2010 | D:3      | Noticed Ijyb
  2025 | D:3      | Killed Ijyb
  2054 | D:3      | Reached skill level 4 in Long Blades
  2273 | D:3      | Found an opulent altar of Gozag.
  2455 | D:3      | Reached skill level 1 in Stealth
  2455 | D:3      | Reached skill level 1 in Invocations
  2455 | D:3      | Reached XP level 6. HP: 36/41 MP: 6/6
  2730 | D:4      | Reached *** piety under Uskayaw
  2737 | D:4      | HP: 9/41 [orc/+1 flail of holy wrath (4)]
  2758 | D:3      | Slain by an iguana

Skill      XL: |  1  2  3  4  5 |
---------------+----------------+-----
Long Blades    | 3 4 |  4.4
Armour         | 4 |  4.4
Shields        | 4 |  4.5
Stealth        | 1 |  1.5
Invocations    | 1 |  1.2
Fighting       | |  2.6

Action                   |  1- 3 |  4- 6 || total
-------------------------+-------+-------++-------
Melee: Long sword        |   101 |   192 ||   293
       Dagger            |       |     1 ||     1
Invok: Stomp             |       |     2 ||     2
  Eat: Chunk             |     1 |     5 ||     6
Armor: Scale mail        |    49 |    78 ||   127
Dodge: Dodged            |    35 |    81 ||   116
Block: Shield            |    68 |   133 ||   201
       Rpst.: Long sword |     7 |    22 ||    29

Levels and vault maps discovered:
D:1:      dpeg_arrival_court, layout_basic, grunt_decor_resistance,
          doesnt_xom_only_xom
D:2:      layout_basic, dancing_weapons_uskayaw, okawaru_altar_gauntlet_db,
          lemuel_doored_altar, first_ration, serial_bayou_pond_c
D:3:      layout_basic, nicolae_gozag_cash_rules_everything_around_me, uniq_ijyb
D:4:      layout_cave_pools, serial_shops, shop_fountains, shop,
          kennysheep_little_box, tgw_kikubaaqudgha

Table legend:
 A = Turns spent in this place as a percentage of turns spent in the entire game.
 B = Non-inter-level travel turns spent in this place as a percentage of non-inter-level travel turns spent in the entire game.
 C = Inter-level travel turns spent in this place as a percentage of turns spent in this place.
 D = Turns resting spent in this place as a percentage of non-inter-level travel turns spent in this place.
 E = Turns spent auto-exploring this place as a percentage of non-inter-level travel turns spent in this place.
 F = Non-inter-level travel turns spent in this place divided by the number of levels of this place that you've seen.
                   A       B       C       D       E      F
               +-------+-------+-------+-------+-------+----------------------
         Total | 100.0 | 100.0 |   4.7 |  19.1 |  54.0 | 657.0
       Dungeon | 100.0 | 100.0 |   4.7 |  19.1 |  54.0 | 657.0
               +-------+-------+-------+-------+-------+----------------------

Table legend:
 A = Kills in this place as a percentage of kills in entire the game.
 B = Kills by you in this place as a percentage of kills by you in the entire game.
 C = Kills by friends in this place as a percentage of kills by friends in the entire game.
 D = Other kills in this place as a percentage of other kills in the entire game.
 E = Experience gained in this place as a percentage of experience gained in the entire game.
 F = Experience gained in this place divided by the number of levels of this place that you have seen.
                   A       B       C       D       E      F
               +-------+-------+-------+-------+-------+----------------------
         Total | 100.0 | 100.0 |   N/A |   N/A | 100.0 |  97.2
       Dungeon | 100.0 | 100.0 |   N/A |   N/A | 100.0 |  97.2
               +-------+-------+-------+-------+-------+----------------------
